 Dungeon Crawl Stone Soup version 0.21-a0-641-geef9d7f (webtiles) character file.

508 Zhaine the Skirmisher (level 7, 0/49 HPs)
             Began as an Octopode Abyssal Knight on Dec 30, 2017.
             Was an Elder of Lugonu.
             Succumbed to Nattefrost's ghost's sting
             ... on level 4 of the Dungeon.
             The game lasted 00:38:20 (5425 turns).

Zhaine the Skirmisher (Octopode Abyssal Knight)     Turns: 5425, Time: 00:38:21

Health: 0/49       AC:  1    Str: 12    XL:     7   Next: 18%
Magic:  8/10       EV: 15    Int: 14    God:    Lugonu [****..]
Gold:   250        SH:  0    Dex: 13    Spells: 6/6 levels left

rFire    . . .     SeeInvis .   a - +1 mace
rCold    . . .     Gourm    .   (no shield)
rNeg     . . .     Faith    +   (helmet restricted)
rPois    .         Spirit   .   e - amulet of faith
rElec    .         Reflect  .   p - ring of resist corrosion
rCorr    +         Harm     .   (no ring)
MR       .....                  (no ring)
Stlth    ++++......             (no ring)
HPRegen  0.16/turn              (no ring)
MPRegen  0.12/turn              (no ring)
                                (no ring)
                                (no ring)

@: lethally poisoned (0 -> -9)
A: almost no armour, stealthy swim, amphibious, 8 rings, constrict 8, camouflage
1, gelatinous body 1
a: Depart the Abyss, Bend Space, Banish, Corrupt, Renounce Religion


You were on level 4 of the Dungeon.
You worshipped Lugonu.
Lugonu was greatly pleased with you.
You were very hungry.

You visited 1 branch of the dungeon, and saw 4 of its levels.
You visited the Abyss 1 time.

You collected 250 gold pieces.

Inventory:

Hand Weapons
 a - a +1 mace (weapon)
Missiles
 g - 386 stones (quivered)
 t - 2 throwing nets
Jewellery
 e - an amulet of faith (around mantle)
 p - a ring of resist corrosion (left tentacle)
Scrolls
 c - a scroll of identify
 d - a scroll of fear {unknown}
 i - a scroll of enchant armour {unknown}
 j - 2 scrolls of teleportation {unknown}
 n - a scroll of blinking {unknown}
 r - a scroll of remove curse
 u - 2 scrolls of random uselessness {unknown}
Potions
 f - a potion of mutation
 k - a potion of flight
 l - a potion of lignification {unknown}
 m - a potion of agility {unknown}
 o - a potion of degeneration {unknown}
 q - a potion of berserk rage {unknown}
 s - a potion of ambrosia {unknown}
Comestibles
 b - 11 rations


   Skills:
 + Level 4.3 Fighting
 + Level 3.6 Maces & Flails
 + Level 1.2 Throwing
 + Level 3.9 Dodging
 + Level 4.2 Stealth
 + Level 4.0 Invocations


You had 6 spell levels left.
You didn't know any spells.

Dungeon Overview and Level Annotations

Branches:
Dungeon (4/15)
 Temple: D:4-7

Altars:
Nemelex Xobeh

Annotations:
D:4 Nattefrost's ghost, novice MfVM


Innate Abilities, Weirdness & Mutations

You cannot wear most types of armour.
You are very stealthy in the water. (Stealth+)
You are amphibious.
You can wear up to eight rings at the same time.
You can use your tentacles to constrict eight enemies at once.
Your skin changes colour to match your surroundings (Stealth+).
Your rubbery body absorbs attacks. (AC +1, EV +1)


Message History

Nattefrost's ghost is lightly damaged.
You feel sick.
Nattefrost's ghost gestures at you while chanting.
The sting misses you.
You hit Nattefrost's ghost but do no damage.
Nattefrost's ghost is lightly damaged.
Nattefrost's ghost gestures at you while chanting.
The sting hits you!
You are more poisoned.
You hit Nattefrost's ghost.
Nattefrost's ghost is moderately damaged.
You feel sick. Nattefrost's ghost hits you. Nattefrost's ghost burns you.
* * * LOW HITPOINT WARNING * * *
Space bends around you!
You blink.
You feel sick. Nattefrost's ghost hits you!
* * * LOW HITPOINT WARNING * * *
Nattefrost's ghost burns you.
* * * LOW HITPOINT WARNING * * *
Okay, then.
Space bends around you!
You blink.
You die...

#.# #.# #.# >..
#.# #.# # #.#
#' #@# ... #.##
.... #..# .....
##..#
......####§..##
......'..W....#
.....$####§..##
..... ##..#
.... ##.#


There were no monsters in sight!

Vanquished Creatures
  3 big kobolds (D:3)
  The ghost of Nattefrost the Stinger, a weakling DrVM (D:3)
  A hound (D:4)
  A worker ant (D:4)
  3 gnolls (D:2)
  2 adders
  6 worms
  4 dart slugs
  5 orcs (D:3)
  4 giant cockroaches
  12 goblins
  14 hobgoblins
  2 jackals (D:3)
  A quokka (D:2)
  7 bats
  3 frilled lizards
  56 kobolds
  6 rats
131 creatures vanquished.

Notes
Turn   | Place    | Note
-------+----------+-------------------------------------------
     0 | Abyss:1  | Zhaine the Octopode Abyssal Knight began the quest for the Orb.
     0 | Abyss:1  | Reached XP level 1. HP: 16/16 MP: 2/2
    63 | Abyss:1  | Noticed a large abomination
    64 | D:1      | Escaped the Abyss
   383 | D:1      | Reached * piety under Lugonu
   493 | D:1      | Reached XP level 2. HP: 21/21 MP: 3/3
   643 | D:1      | Reached skill level 1 in Stealth
  1835 | D:2      | Reached XP level 3. HP: 25/26 MP: 4/4
  1895 | D:2      | Found a sparkling altar of Nemelex Xobeh.
  2316 | D:2      | Reached ** piety under Lugonu
  2316 | D:2      | Reached XP level 4. HP: 31/31 MP: 4/6
  3277 | D:3      | Reached XP level 5. HP: 29/36 MP: 7/7
  3788 | D:3      | Noticed a big kobold
  3790 | D:3      | Noticed a big kobold
  3817 | D:3      | Killed a big kobold
  3822 | D:3      | Killed a big kobold
  3822 | D:3      | Reached XP level 6. HP: 33/43 MP: 8/8
  3824 | D:3      | Reached *** piety under Lugonu
  4662 | D:3      | Noticed Nattefrost's ghost (weakling DrVM)
  4686 | D:3      | Killed Nattefrost's ghost
  4686 | D:3      | Reached skill level 1 in Throwing
  4686 | D:3      | Reached XP level 7. HP: 26/48 MP: 9/9
  4687 | D:3      | Reached **** piety under Lugonu
  5409 | D:4      | Noticed Nattefrost's ghost (novice MfVM)
  5425 | D:4      | Succumbed to Nattefrost's ghost's sting

Vault maps used:
D:1:      dpeg_arrival_morbid_curiosity, supply_closet_lemuel
D:2:      first_ration, nemelex_spade_bored_becter
D:3:      minmay_goblin_kobold_castle
D:4:      temple_statues, serial_shops, nicolae_shop_trees

Skill      XL: |  1  2  3  4  5  6  7 |
---------------+----------------------+-----
Stealth        | 1 2 3 4 |  4.2
Dodging        | 3 |  3.9
Invocations    | 3 4 |  4.0
Maces & Flails | 3 |  3.6
Fighting       | 4 |  4.3
Throwing       | 1 |  1.2

Action                   |  1- 3 |  4- 6 |  7- 9 || total
-------------------------+-------+-------+-------++-------
Melee: Mace              |    67 |   176 |    18 ||   261
       Constrict         |    22 |    48 |     4 ||    74
       Tentacles         |    12 |    26 |     4 ||    42
Throw: Stone             |     4 |    33 |     4 ||    41
Invok: Depart the Abyss  |     1 |       |       ||     1
       Bend Space        |       |       |     3 ||     3
  Use: Scroll            |       |     5 |       ||     5
       Potion            |       |     2 |       ||     2
 Stab: Sleeping          |     4 |     7 |     1 ||    12
  Eat: Chunk             |     4 |     8 |     1 ||    13
Armor: Skin              |     3 |    10 |       ||    13
Dodge: Dodged            |    37 |   140 |    19 ||   196

Table legend:
 A = Spawn XP
 B = Non-spawn XP
 C = Spawn XP percentage of total XP
 D = Spawn monster count
 E = Non-spawn monster count
 F = Spawn count percentage of total count
 G = Total turns spent on level
                    A         B        C        D         E        F      G
               +---------+---------+-------+---------+---------+-------+---------
         Total |       0 |     727 |   0.0 |       0 |     131 |   0.0 |  5425
               +---------+---------+-------+---------+---------+-------+---------
           D:1 |       0 |      29 |   0.0 |       0 |      17 |   0.0 |  1724
           D:2 |       0 |     103 |   0.0 |       0 |      28 |   0.0 |   806
           D:3 |       0 |     518 |   0.0 |       0 |      84 |   0.0 |  2639
           D:4 |       0 |      77 |   0.0 |       0 |       2 |   0.0 |   192
               +---------+---------+-------+---------+---------+-------+---------
